 Dungeon Crawl Stone Soup version 0.27.1-1-g398f81649c (webtiles) character file.

Game seed: 16759443693337726723

12637 ZARRMARR the Covert (level 11, -14/78 HPs)
             Began as an Octopode Transmuter on Sept 7, 2021.
             Was a Believer of Ashenzari.
             Demolished by a minotaur (41 damage)
             ... in a Gauntlet.
             The game lasted 02:15:53 (16391 turns).

ZARRMARR the Covert (Octopode Transmuter)          Turns: 16391, Time: 02:15:53

Health: -14/78     AC:  3    Str: 10    XL:     11   Next: 96%
Magic:  32/32      EV: 20    Int: 25    God:    Ashenzari [**....]
Gold:   1709       SH: 12    Dex: 13    Spells: 24/26 levels left

rFire    . . .     SeeInvis +   j - +4 morningstar of Circularity {flame, rC+ rCorr}
rCold    + . .     Faith    .   k - +1 kite shield
rNeg     + . .     Spirit   .   x - +2 hat of the Enigmatic Mistrust {Fort, Comp} (curse)
rPois    .         Reflect  .   f - amulet "Heresy of Ashenzari" {Regen+, Comp, Fort} (curse)
rElec    .         Harm     .   a - ring "Cursed Prison" {SInv, Bglg, Fort} (curse)
rCorr    +         Rampage  .   b - +4 ring of slaying
Will     .....     NoTele   +   v - ring of the Lashed Scepticism {rCorr, Cun, Bglg} (curse)
Stlth    ++++++....             G - +4 ring of evasion
HPRegen  1.23/turn              t - ring of Activism {rN+ rCorr Int+7}
MPRegen  0.23/turn              B - ring of magical power
                                (no ring)
                                (no ring)

@: studying Fire Magic
A: almost no armour, amphibious, 8 rings, camouflage 1, gelatinous body 1,
(nimble swimmer 1), tentacles
a: Renounce Religion, Curse Item, Shatter the Chains


You were in a Gauntlet.
You worshipped Ashenzari.
Ashenzari was pleased with you.
You visited 3 branches of the dungeon, and saw 14 of its levels.
You also visited: Gauntlet.

You collected 1709 gold pieces.

Inventory:

Hand Weapons
 j - the +4 morningstar of Circularity (weapon) {flame, rC+ rCorr}
   (You found it on level 2 of the Lair of Beasts)

   It burns those it strikes, dealing additional fire damage.
   rC:        It protects you from cold.
   rCorr:     It protects you from acid and corrosion.
 C - the +6 whip "Hellblazer" {pain, *Corrode rC+ Str+4}
   (You found it on level 9 of the Dungeon)

   In the hands of one skilled in necromantic magic, it inflicts extra damage on
   living creatures.
   Str:       It affects your strength (+4).
   rC:        It protects you from cold.
   *Corrode:  It may corrode you when you take damage.
Missiles
 i - 4 boomerangs
 o - 26 arrows
 p - 26 poisoned darts
 s - 3 javelins (quivered)
 z - 2 boomerangs of dispersal
 A - 2 throwing nets
Armour
 k - a +1 kite shield (worn)
 x - the cursed +2 hat of the Enigmatic Mistrust (worn) {Fort, Comp}
   (You found it on level 8 of the Dungeon)

   It has a curse which improves the following skills: Fortitude: Shields.
   Companions: Summonings and Necromancy.
 I - a +0 tower shield
Jewellery
 a - the cursed ring "Cursed Prison" (left tentacle) {SInv, Bglg, Fort}
   (You found it on level 1 of the Dungeon)

   [ring of see invisible]

   SInv:      It lets you see invisible.
   It has a curse which improves the following skills: Beguiling: Conjurations,
   Hexes and Translocations.
   Fortitude: Shields.
 b - a +4 ring of slaying (right tentacle)
 f - the cursed amulet "Heresy of Ashenzari" (around mantle) {Regen+, Comp, Fort}
   (You took it off a hobgoblin on level 3 of the Dungeon)

   [amulet of regeneration]

   Regen:     It increases your rate of health regeneration.
   It has a curse which improves the following skills: Companions: Summonings
   and Necromancy.
   Fortitude: Shields.
 t - the ring of Activism (on tentacle) {rN+ rCorr Int+7}
   (You found it in a Gauntlet)

   [ring of resist corrosion]

   Int:       It affects your intelligence (+7).
   rN:        It protects you from negative energy.
   rCorr:     It protects you from acid and corrosion.
 v - the cursed ring of the Lashed Scepticism (on tentacle) {rCorr, Cun, Bglg}
   (You found it on level 8 of the Dungeon)

   [ring of resist corrosion]

   rCorr:     It protects you from acid and corrosion.
   It has a curse which improves the following skills: Cunning: Dodging and
   Stealth.
   Beguiling: Conjurations, Hexes and Translocations.
 B - a ring of magical power (on tentacle)
 G - a +4 ring of evasion (on tentacle)
 H - a ring of fire
Wands
 g - a wand of digging (8)
 m - a wand of paralysis (15)
 r - a wand of iceblast (12)
 F - a wand of charming (18)
 J - a wand of mindburst (8)
Scrolls
 e - a scroll of brand weapon
 n - 3 scrolls of magic mapping
 y - a scroll of fog
 D - a scroll of amnesia
Potions
 c - 2 potions of attraction
 d - 4 potions of curing
 h - 4 potions of mutation
 l - 3 potions of flight
 q - 2 potions of magic
 E - a potion of brilliance
Miscellaneous
 u - a piece from Xom's chessboard (15/15)
 w - a phantom mirror (inert)


   Skills:
 + Level 8.6 Fighting
 + Level 8.7(10.1) Dodging
 + Level 11.6(12.9) Stealth
 + Level 8.0(11.0) Shields
 - Level 3.0 Unarmed Combat
 + Level 8.0 Spellcasting
 - Level 1.1(2.5) Conjurations
 - Level 2.0 Transmutations
 - Level 1.1 Fire Magic


You had 24 spell levels left.
You knew the following spells:

 Your Spells              Type           Power      Damage    Failure   Level
a - Beastly Appendage     Tmut           40%        N/A       4%          1
b - Apportation           Tloc           22%        N/A       9%          1

Your spell library contained the following spells:

 Spells                   Type           Power      Damage    Failure   Level
 Wereblood                Tmut           20%        N/A       7%          2
 Summon Small Mammal      Summ           44%        N/A       9%          1
 Blink                    Tloc           N/A        N/A       14%         2
 Corpse Rot               Necr/Air       N/A        N/A       14%         2
 Slow                     Hex            11%        N/A       14%         2
 Spider Form              Tmut/Pois      7%         N/A       21%         3
 Confusing Touch          Hex            11%        N/A       26%         3
 Portal Projectile        Hex/Tloc       22%        N/A       26%         3
 Summon Guardian Golem    Hex/Summ       11%        N/A       26%         3
 Vampiric Draining        Necr           5%         2d6       26%         3
 Ice Form                 Ice/Tmut       15%        N/A       54%         4
 Petrify                  Tmut/Erth      15%        N/A       54%         4
 Dispel Undead            Necr           11%        3d9       65%         4
 Passage of Golubria      Tloc           N/A        N/A       65%         4
 Alistair's Intoxication  Tmut/Pois      10%        N/A       88%         5
 Manifold Assault         Tloc           11%        N/A       94%         5
 Metabolic Englaciation   Hex/Ice        5%         N/A       95%         5
 Death Channel            Necr           5%         N/A       100%        6
 Dispersal                Tloc           5%         N/A       100%        6
 Invisibility             Hex            5%         N/A       100%        6
 Statue Form              Tmut/Erth      10%        N/A       100%        6
 Orb of Destruction       Conj           11%        9d5       100%        7
 Spellforged Servitor     Conj/Summ      8%         N/A       100%        7
 Storm Form               Tmut/Air       7%         N/A       100%        7
 Disjunction              Tloc           5%         N/A       100%        8
 Fire Storm               Conj/Fire      9%         8d3       100%        9


Dungeon Overview and Level Annotations

Branches:
Dungeon (10/15)            Temple (1/1) D:5            Lair (3/6) D:8
    Orc (0/2) D:10        Gauntlet (1/1)
  Swamp: Lair:2-4    Shoals: Lair:2-4     Snake: Lair:2-4    Spider: Lair:2-4

Altars:
Ashenzari
Cheibriados
Dithmenos
Elyvilon
Fedhas
Gozag
Hepliaklqana
Kikubaaqudgha
Makhleb
Nemelex Xobeh
Okawaru
Qazlal
Ru
Sif Muna
Trog
Uskayaw
Vehumet
Wu Jian
Xom
Zin
The Shining One

Shops:
D:7 (

Annotations:
D:7 2 transporters, safid's ghost, novice HOFi
D:8 3 runed translucent doors, sombersunday's ghost, novice MiBe
D:10 exclusions: orange demon, orc priest, phantom, 2 red devils, sensed monster (detected), 2 skeletons, 2 yaks and 6 zombies, Nergalle
Lair:2 exclusion: 3 sensed monsters (detected) Gauntlet 10 transporters, exclusion: oklob plant


Innate Abilities, Weirdness & Mutations

You cannot wear most types of armour.
You are amphibious.
You can wear up to eight rings at the same time.
Your skin changes colour to match your surroundings (Stealth+).
Your rubbery body absorbs attacks. (AC +1, EV +1)
((You are camouflaged near water. (Stealth+)))
You have tentacles for arms and can constrict up to eight enemies at once.


Message History

The mass of ice explodes!
The iceblast engulfs the minotaur!
The minotaur is moderately wounded.
You sock the minotaur! You burn the minotaur. You grab the minotaur.
The minotaur is heavily wounded.
You constrict the minotaur, but do no damage.
The minotaur barely misses you. The minotaur gores you!
Your minotaur throws a javelin.
The javelin pierces through the minotaur!
The minotaur hits you with a +2 glaive of protection!
You block the minotaur's attack.
Your minotaur completely misses the minotaur.
You hit the minotaur. You burn the minotaur.
You squeeze the minotaur, but do no damage.
The minotaur is severely wounded.
You constrict the minotaur, but do no damage.
The minotaur misses you. You block the minotaur's attack.
Your minotaur hits the minotaur from afar with a +2 glaive of protection.
Ashenzari invites you to partake of a vision and a curse of elements and companions.
You hit the minotaur but do no damage.
The minotaur is severely wounded.
You constrict the minotaur.
The minotaur hits you with a +2 glaive of protection!!
You block the minotaur's attack.
Your minotaur hits the minotaur from afar with a +2 glaive of protection.
The minotaur closely misses you. The minotaur gores you!
* * * LOW HITPOINT WARNING * * *
Your minotaur completely misses the minotaur.
You hit the minotaur but do no damage.
The minotaur is almost dead.
You constrict the minotaur.
Your minotaur shimmers and vanishes!
The minotaur misses you.
The minotaur gores you but does no damage.
Unknown command.
You hit the minotaur but do no damage.
The minotaur is almost dead.
You constrict the minotaur.
The minotaur hits you with a +2 glaive of protection!!!
Ouch! That really hurt!
You die...

### ≈≈≈≈≈ ≈∩≈ ..,
* ###. * ...
######H#######
.......@.....#
.###.###.###.#
#.###.###.###.#
#.............#
###.###.###.###
###.###.###.#####
≈...............≈#
##
8.8.8.8.8.8.8.8.8#
## 8#
≈...............≈#
#8#


You could see a minotaur.

Vanquished Creatures
  A hydra (Lair:2)
  An eye of devastation (Gauntlet)
  A torpor snail (Lair:2)
  Maggie (D:7)
  6 cane toads
  4 komodo dragons (Lair:2)
  A polar bear (Lair:2)
  Prince Ribbit (D:6)
  3 blink frogs (Lair:2)
  A yak (Lair:2)
  2 fire bats (Gauntlet)
  4 wyverns
  2 basilisks
  A golden eye (Gauntlet)
  A steam dragon (D:9)
  5 humans (D:7)
  Edmund (D:6)
  Menkaure (D:6)
  5 water moccasins
  A floating eye (Gauntlet)
  2 orc warriors
  2 black bears
  A sky beast (D:7)
  An ice beast (D:6)
  An ogre (D:4)
  A centaur (D:9)
  4 necrophages
  A hornet zombie (D:9)
  A phantom (D:5)
  2 kobold brigands
  A wyvern zombie (D:6)
  7 bullfrogs
  2 scorpions
  2 small abominations (Gauntlet)
  A water moccasin skeleton (D:4)
  6 killer bees
  8 howler monkeys
  16 wights
  An electric eel (Lair:2)
  A bullfrog zombie (D:7)
  A centaur zombie (D:9)
  6 orc priests
  A bullfrog skeleton (D:5)
  2 centaur skeletons
  3 hounds
  2 iguanas
  8 orc wizards
  An ogre zombie (D:10)
  A hound skeleton (D:4)
  3 howler monkey zombies
  Robin (D:3)
  6 gnolls (D:5)
  6 adders
  3 shadow imps
  A white imp (D:7)
  3 ufetubi
  A dart slug (D:4)
  4 worms
  15 orcs
  7 endoplasms
  11 giant cockroaches
  14 goblins
  15 hobgoblins
  6 jackals
  11 kobolds
  4 quokkas
  10 ball pythons
  6 bats
  4 frilled lizards
  2 hobgoblin zombies (D:10)
  An orc skeleton (D:10)
  2 orc zombies (D:10)
  5 rats
270 creatures vanquished.

Vanquished Creatures (others)
  2 plants (Lair:2)
2 creatures vanquished.

Grand Total: 272 creatures vanquished

Notes
Turn   | Place    | Note
-------+----------+-------------------------------------------
     0 | D:1      | ZARRMARR the Octopode Transmuter began the quest for the
                  | Orb.
     0 | D:1      | Reached XP level 1. HP: 13/13 MP: 3/3
   386 | D:1      | Got Hogoikh's Papyrus of Fiery Dislocation
   471 | D:1      | Reached XP level 2. HP: 18/18 MP: 3/5
   473 | D:1      | Reached skill level 1 in Stealth
  1222 | D:1      | Reached XP level 3. HP: 15/23 MP: 3/6
  1331 | D:1      | Found a faded altar of an unknown god.
  1701 | D:2      | Reached skill level 1 in Conjurations
  1827 | D:2      | Reached skill level 1 in Fire Magic
  1827 | D:2      | Reached XP level 4. HP: 29/29 MP: 5/7
  1930 | D:2      | Reached skill level 2 in Stealth
  3116 | D:3      | Noticed Robin
  3152 | D:3      | Reached XP level 5. HP: 29/34 MP: 7/9
  3187 | D:3      | Killed Robin
  3458 | D:3      | Found a hazy altar of Hepliaklqana.
  3458 | D:3      | Found a sacrificial altar of Ru.
  3733 | D:4      | Reached skill level 3 in Stealth
  3762 | D:4      | Reached XP level 6. HP: 28/41 MP: 10/10
  3881 | D:4      | Found a sparkling altar of Nemelex Xobeh.
  4115 | D:4      | Identified a scroll of acquirement
  4116 | D:4      | Acquired 877 gold pieces
  4151 | D:4      | Reached skill level 1 in Shields
  4438 | D:5      | Entered Level 5 of the Dungeon
  4515 | D:5      | Found a staircase to the Ecumenical Temple.
  4520 | Temple   | Entered the Ecumenical Temple
  4799 | Temple   | Became a worshipper of Ashenzari the Shackled
  4855 | D:5      | Noticed a necrophage
  4903 | D:5      | Reached skill level 4 in Stealth
  4911 | D:5      | Reached XP level 7. HP: 46/46 MP: 9/12
  5161 | D:5      | Reached skill level 5 in Stealth
  5192 | D:5      | Reached XP level 8. HP: 54/54 MP: 11/14
  5510 | D:6      | Reached skill level 6 in Stealth
  5577 | D:6      | Noticed Prince Ribbit
  5687 | D:6      | Noticed Menkaure
  5689 | D:6      | Killed Menkaure
  5690 | D:6      | Reached skill level 5 in Dodging
  6091 | D:6      | Reached skill level 5 in Fighting
  6175 | D:6      | Noticed Edmund
  6189 | D:6      | Killed Edmund
  6190 | D:6      | Reached XP level 9. HP: 35/61 MP: 14/16
  6325 | D:6      | Reached skill level 7 in Stealth
  6325 | D:6      | Reached skill level 5 in Spellcasting
  6776 | D:7      | Noticed safid's ghost (novice HOFi)
  6777 | D:7      | Found a transporter.
  6777 | D:7      | Found a transporter.
  6777 | D:7      | Noticed a two-headed ogre
  7060 | D:7      | Reached skill level 8 in Stealth
  7134 | D:7      | Found Ytyaxike's Weapon Boutique.
  7216 | D:7      | Reached skill level 5 in Shields
  7238 | D:7      | Reached * piety under Ashenzari
  7356 | D:7      | Noticed Maggie
  7374 | D:7      | Killed Maggie
  7375 | D:7      | Reached XP level 10. HP: 52/69 MP: 17/19
  7697 | D:8      | Reached skill level 9 in Stealth
  7997 | D:7      | HP: 1/69 [killer bee (10)]
  8396 | D:8      | Found a staircase to the Lair.
  8708 | D:8      | Found a runed translucent gate.
  8708 | D:8      | Found a runed translucent gate.
  8710 | D:8      | Noticed a kobold demonologist
  8711 | D:8      | Noticed sombersunday's ghost (novice MiBe)
  8718 | D:8      | Found a runed translucent gate.
  8906 | D:8      | Found a shimmering blue altar of Sif Muna.
  8906 | D:8      | Identified Sif Muna's Handbook of the Escort
  8924 | D:8      | Found an ancient bone altar of Kikubaaqudgha.
  8939 | D:8      | Found a radiant altar of Vehumet.
  9088 | Lair:1   | Entered Level 1 of the Lair of Beasts
  9088 | Lair:1   | Noticed a cane toad
 10002 | D:9      | Identified the +6 whip "Hellblazer" {pain, *Corrode rC+
                  | Str+4}
 10713 | D:9      | Learned a level 1 spell: Apportation
 10764 | D:10     | Entered Level 10 of the Dungeon
 10833 | D:10     | Noticed Nergalle
 11933 | D:10     | Found a staircase to the Orcish Mines.
 12025 | D:10     | Noticed an orange demon
 12128 | D:6      | Killed Prince Ribbit
 12129 | D:6      | Reached skill level 10 in Stealth
 12729 | Lair:1   | Noticed a cane toad
 13004 | Lair:1   | Noticed a cane toad
 13012 | Lair:1   | Killed a cane toad
 13013 | Lair:1   | Reached XP level 11. HP: 51/75 MP: 21/21
 14291 | Lair:2   | Reached ** piety under Ashenzari
 14336 | Lair:2   | Identified the cursed +2 hat of the Enigmatic Mistrust
                  | {Fort, Comp} (You found it on level 8 of the Dungeon)
 14503 | Lair:2   | Identified the +4 morningstar of Circularity {flame, rC+
                  | rCorr}
 14874 | Lair:2   | Noticed a six-headed hydra
 14879 | Lair:2   | Killed a six-headed hydra
 14880 | Lair:2   | Reached skill level 11 in Stealth
 15092 | Lair:2   | Acquired a manual of Fire Magic
 15408 | Lair:3   | Found a gate leading to a gauntlet.
 15410 | Lair:3   | Found a sacrificial altar of Ru.
 15417 | Gauntlet | Entered a Gauntlet
 15417 | Gauntlet | Found a transporter.
 15417 | Gauntlet | Found a transporter.
 15420 | Gauntlet | Noticed a death scarab
 15421 | Gauntlet | Found a transporter.
 15421 | Gauntlet | Found a transporter.
 15425 | Gauntlet | Noticed a fire crab
 15430 | Gauntlet | Found a transporter.
 15449 | Gauntlet | Found a transporter.
 15459 | Gauntlet | Found a transporter.
 15459 | Gauntlet | Found a transporter.
 15460 | Gauntlet | Identified the amulet "Ynowk" {Reflect Will- Int+3 Dex+9
                  | SH+5}
 15473 | Gauntlet | Noticed a large abomination
 15483 | Gauntlet | Found a transporter.
 15484 | Gauntlet | Noticed an oklob plant
 15490 | Gauntlet | Found a transporter.
 15502 | Gauntlet | Found a transporter.
 15520 | Gauntlet | Found a transporter.
 15565 | Gauntlet | Found a transporter.
 15581 | Gauntlet | Found a transporter.
 15590 | Gauntlet | Identified the +0 cloak of Duty {Will- Str+4 Slay+6}
 15682 | Gauntlet | Found a transporter.
 15700 | Gauntlet | Found a transporter.
 15708 | Gauntlet | Identified the ring of Activism {rN+ rCorr Int+7}
 16083 | Gauntlet | HP: 1/78 [disintegration (39)]
 16383 | Gauntlet | Noticed a minotaur
 16391 | Gauntlet | Demolished by a minotaur

Illustrated notes

Levels and vault maps discovered:
D:1:      moated_graveyard_arrival, layout_basic,
          dreamdust_ecumenical_altar_angels_and_demons
D:2:      layout_basic, glass_columns_b
D:3:      minmay_roachtagon, layout_basic, amethyst_overflow_temple_binary,
          uniq_robin
D:4:      layout_basic, mainiacjoe_overflow_brackets, minmay_misc_feat_tower,
          kennysheep_flooded_box, minmay_box_of_dots
D:5:      layout_rooms, temple_doors_e, minmay_bent
D:6:      layout_basic, uniq_prince_ribbit1, uniq_edmund, uniq_menkaure
D:7:      layout_basic, serial_shops, nicolae_square_shop,
          gammafunk_ghost_smash, minmay_ruffians, uniq_maggie
D:8:      layout_cave_pools, palyth_temple_overflow_mages, lair_entry_dummy,
          gammafunk_ghost_nasty_kobolds, minmay_misc_feat_doors
D:9:      layout_irregular_city
D:10:     layout_big_octagon, lemuel_coloured_pillars_altar, zombieorc2_lemuel,
          mrwooster_statue_mirror, minmay_beelzebubs_servants, uniq_nergalle,
          uniq_fannar
Temple:   regret_index_temple_generic_petals
Lair:1:   layout_cave_pods, lemuel_fruit_tree
Lair:2:   nzn_winding_woodlands_large [nzn_winding_woodlands_5x5_cross,
          nzn_winding_woodlands_5x15_twine, nzn_winding_woodlands_5x5_three,
          nzn_winding_woodlands_center_pierced_h,
          nzn_winding_woodlands_15x15_eel_pit,
          nzn_winding_woodlands_center_lodge,
          nzn_winding_woodlands_5x5_open_star,
          nzn_winding_woodlands_5x15_sidewinder,
          nzn_winding_woodlands_5x5_perimeter], layout_regular_city
Lair:3:   layout_gridlike, gauntlet_entry_generic, basic_altar,
          beast_lair_carwin_5, uniq_urug, uniq_snorg
Gauntlet: gammafunk_gauntlet_branching [nicolae_gauntlet_arena_t_cross,
          gammafunk_gauntlet_arena_grid, nicolae_gauntlet_arena_blocks,
          gammafunk_gauntlet_arena_split_diamond,
          gammafunk_gauntlet_arena_crates, nicolae_gauntlet_arena_x,
          gammafunk_gauntlet_arena_teeth, nicolae_gauntlet_swirl,
          gauntlet_exit_watery]

Skill      XL: |  1  2  3  4  5  6  7  8  9 10 11 |
---------------+----------------------------------+-----
Stealth        | 1 2 3 4 5 6 8 10 11 | 11.6
Conjurations   | 1 |  1.1
Fire Magic     | 1 |  1.1
Fighting       | 2 3 4 5 6 7 8 |  8.6
Dodging        | 3 4 5 6 7 8 |  8.7
Spellcasting   | 3 4 6 7 8 |  8.0
Shields        | 1 2 3 5 6 8 |  8.0
Unarmed Combat | |  3.0
Transmutations | |  2.0

Action                   |  1- 3 |  4- 6 |  7- 9 | 10-12 || total
-------------------------+-------+-------+-------+-------++-------
Melee: Unarmed           |    65 |   134 |   192 |   247 ||   638
       Constrict         |    20 |    31 |    44 |    74 ||   169
       Kick              |    22 |    38 |    71 |    83 ||   214
       Tentacles         |    11 |    14 |    42 |    75 ||   142
       Punch             |     1 |     2 |     6 |    17 ||    26
       Morningstar       |       |       |       |    90 ||    90
Throw: Dart              |       |       |    36 |    29 ||    65
       Javelin           |       |       |       |     3 ||     3
       Boomerang         |       |       |       |     1 ||     1
 Cast: Beastly Appendage |    22 |    43 |    36 |    65 ||   166
       Apportation       |       |       |       |    10 ||    10
Invok: Curse Item        |       |       |     2 |     2 ||     4
Evoke: Wand              |       |     2 |     7 |     7 ||    16
       Phantom mirror    |       |       |       |     1 ||     1
  Use: Scroll            |     2 |     3 |     1 |     6 ||    12
       Potion            |       |     1 |     2 |     8 ||    11
 Stab: Sleeping          |     6 |    12 |     5 |    19 ||    42
       Paralysed         |       |       |       |     6 ||     6
Armor: Skin              |     2 |     7 |    16 |    20 ||    45
Dodge: Dodged            |    38 |    53 |    92 |   196 ||   379
Block: Kite shield       |       |     1 |    30 |   151 ||   182
